 Dungeon Crawl Stone Soup version 0.29-a0-234-g0dae59b3db (webtiles) character file.

Game seed: 10642489294170757934

59 PaleWalker the Sneak (level 4, 0/24 HPs)
             Began as a Kobold Enchanter on Mar 4, 2022.
             Slain by an ufetubus (4 damage)
             ... on level 3 of the Dungeon.
             The game lasted 00:04:35 (2675 turns).

PaleWalker the Sneak (Kobold Enchanter)             Turns: 2675, Time: 00:04:35

Health: 0/24       AC:  2    Str:  5    XL:     4   Next: 22%
Magic:  2/7        EV: 15    Int: 16    God:
Gold:   151        SH:  0    Dex: 17    Spells: 5/7 levels left

rFire   . . .      SeeInvis .   a - +1 dagger (venom)
rCold   . . .      Faith    .   (no shield)
rNeg    . . .      Spirit   .   b - +0 robe
rPois   .          Reflect  .   (no helmet)
rElec   .          Harm     .   (no cloak)
rCorr   .          Rampage  .   (no gloves)
Will    .....                   (no boots)
Stlth   ++++......              (no amulet)
HPRegen 0.08/turn               (no ring)
MPRegen 0.10/turn               (no ring)

@: no status effects
A: small, no large weapons, nightstalker 3
a: no special abilities


You were on level 3 of the Dungeon.
You visited 1 branch of the dungeon, and saw 3 of its levels.

You collected 151 gold pieces.

Inventory:

Hand Weapons
 a - a +1 dagger of venom (weapon)
Armour
 b - a +0 robe (worn)
Jewellery
 g - an amulet of reflection
Scrolls
 e - 3 scrolls of identify
 f - a scroll of holy word
 h - a scroll of brand weapon
Potions
 c - 2 potions of heal wounds {unknown}
 d - 2 potions of magic {unknown}
 i - 4 potions of curing {unknown}
 j - a potion of haste {unknown}


   Skills:
 * Level 3.6 Short Blades
 - Level 3.2 Dodging
 + Level 4.7 Stealth
 - Level 2.1 Spellcasting
 + Level 3.0 Hexes


You had 5 spell levels left.
You knew the following spells:

 Your Spells              Type           Power      Damage    Failure   Level
a - Ensorcelled Hibernat  Hex/Ice        12%        N/A       17%         2

Your spell library contained the following spells:

 Spells                   Type           Power      Damage    Failure   Level
 Confusing Touch          Hex            11%        N/A       19%         3
 Tukima's Dance           Hex            11%        N/A       19%         3
 Dazzling Flash           Conj/Hex       12%        N/A       32%         3
 Portal Projectile        Hex/Tloc       12%        N/A       32%         3
 Blade Hands              Tmut           0%         N/A       99%         5
 Excruciating Wounds      Necr           0%         N/A       99%         5


Dungeon Overview and Level Annotations

Branches:
Dungeon (3/15)

Altars:
Zin


Innate Abilities, Weirdness & Mutations

You are small and have problems with some larger weapons.
You are completely attuned to the shadows.


Message History

You hit the ufetubus.
The ufetubus is severely wounded.
The ufetubus hits you. x3
* * * LOW HITPOINT WARNING * * *
The ufetubus misses you.
You are too injured to fight recklessly!
A kobold comes into view. It is wielding a +0 whip.
Hit: a) +1 dagger (antimagic)
Press: ? - help, Dir - move target, f - ufetubus
Aim: an ufetubus (severely wounded, about 49% to evade your +1 antimagic dagger)
Okay, then.
The ufetubus misses you. The ufetubus closely misses you.
The ufetubus barely misses you. x2
The ufetubus barely misses you. The ufetubus closely misses you.
The ufetubus barely misses you. The ufetubus closely misses you.
An adder comes into view.
The ufetubus barely misses you. The ufetubus misses you.
Found 13 gold pieces.
The ufetubus closely misses you.
The ufetubus hits you but does no damage.
The adder hisses angrily.
The adder bites you.
* * * LOW HITPOINT WARNING * * *
The ufetubus barely misses you. The ufetubus closely misses you.
As you read the scroll labelled GEPHAN GOFRYSH, it crumbles to dust.
It is a scroll of identify.
f - a scroll of holy word The ufetubus misses you.
The ufetubus hits you but does no damage.
As you read the scroll labelled BISTUG TIUTOL, it crumbles to dust.
It is a scroll of brand weapon.
Your +1 antimagic dagger drips with poison.
a - a +1 dagger of venom (weapon)
The ufetubus hits you but does no damage.
The ufetubus completely misses you. The ufetubus barely misses you.
The ufetubus hits you.
* * * LOW HITPOINT WARNING * * *
You closely miss the ufetubus.
The ufetubus is lightly wounded.
The ufetubus completely misses you. The ufetubus hits you.
You die...

.. #..
#####..$
#@5S....
###K.#. .#
#..# #.#.#
#K.###.#.#.
#....(.....
#..........
#..#.#.###
#..#.#.#.#
#..###.#.#.#


You could see an adder, an ufetubus and a kobold.

Vanquished Creatures
  An adder (D:2)
  A worm (D:2)
  2 dart slugs
  An orc (D:3)
  3 endoplasms
  2 giant cockroaches
  2 goblins
  7 hobgoblins
  3 jackals (D:1)
  3 kobolds
  3 ball pythons
  5 bats
  4 frilled lizards
  2 rats
39 creatures vanquished.

Vanquished Creatures (others)
  3 plants
  4 toadstools (D:2)
7 creatures vanquished.

Grand Total: 46 creatures vanquished

Notes
Turn   | Place    | Note
-------+----------+-------------------------------------------
     0 | D:1      | PaleWalker the Kobold Enchanter began the quest for the
                  | Orb.
     0 | D:1      | Reached XP level 1. HP: 10/10 MP: 3/3
    82 | D:1      | Reached XP level 2. HP: 9/15 MP: 5/5
   597 | D:1      | Found a faded altar of an unknown god.
   739 | D:1      | Reached XP level 3. HP: 19/19 MP: 6/6
  1414 | D:2      | Found a glowing silver altar of Zin.
  1603 | D:2      | Reached XP level 4. HP: 24/24 MP: 2/7
  2601 | D:3      | Learned a level 2 spell: Ensorcelled Hibernation
  2675 | D:3      | Slain by an ufetubus

Illustrated notes

Levels and vault maps discovered:
D:1:      minmay_arrival_up_and_down, layout_loops_ring,
          hellmonk_ecumenical_altar_leap_of_faith
D:2:      layout_loops_ring, basic_altar, minmay_gold_behind_fungi,
          serial_bayou_lagoon_a
D:3:      layout_basic, zin_treasury, kennysheep_okawaru_gauntlet,
          ebering_ghost_reflecting_pool, portal_sewer_entry_d,
          minmay_misc_feat_nine_boxes, serial_bayou_ford_a,
          kennysheep_generic_room_12, uniq_jessica

Skill      XL: |  1  2  3 |
---------------+----------+-----
Short Blades   | 2 3 |  3.6
Dodging        | 3 |  3.2
Stealth        | |  4.7
Spellcasting   | |  2.1
Hexes          | |  3.0

Action                   |  1- 3 |  4- 6 || total
-------------------------+-------+-------++-------
Melee: Dagger            |    70 |    31 ||   101
       Punch             |     2 |       ||     2
  Use: Potion            |     1 |       ||     1
       Scroll            |       |     2 ||     2
 Stab: Sleeping          |    16 |     4 ||    20
       Invisible         |     2 |       ||     2
Armor: Robe              |     5 |     5 ||    10
Dodge: Dodged            |    47 |    28 ||    75

Table legend: (Time is in decaauts)
 A = Elapsed time spent in this place.
 B = Non-inter-level travel time spent in this place.
 C = Inter-level travel time spent in this place.
 D = Time resting spent in this place.
 E = Time spent auto-exploring this place.
 F = Levels seen in this place.
 G = Mean time per level.
                   A        B        C        D        E       F      G
               +--------+--------+--------+--------+--------+-----+--------+
         Total |   2670 |   2497 |    173 |    250 |   1924 |   3 |  890.0 |
       Dungeon |   2670 |   2497 |    173 |    250 |   1924 |   3 |  890.0 |
               +--------+--------+--------+--------+--------+-----+--------+

Top non-repeatable levels by time:
     D:2: 1462 daAuts
     D:1: 1098 daAuts
     D:3: 109 daAuts
